 Dungeon Crawl Stone Soup version 0.22-a0-422-g9628fc8 (webtiles) character file.

118 Gorice the Grave Robber (level 4, 0/25 HPs)
             Began as a Deep Elf Wanderer on May 18, 2018.
             Slain by Sigmund
             ... wielding a +2 scythe of slicing
              (1 damage)
             ... on level 2 of the Dungeon.
             The game lasted 00:06:52 (2369 turns).

Gorice the Grave Robber (Deep Elf Wanderer)         Turns: 2369, Time: 00:06:53

Health: 0/25       AC:  2    Str: 10    XL:     4   Next: 72%
Magic:  8/10       EV: 11    Int: 17    God:
Gold:   60         SH:  0    Dex: 14    Spells: 4/9 levels left

rFire    . . .     SeeInvis .   b - +0 hunting sling
rCold    . . .     Gourm    .   (no shield)
rNeg     . . .     Faith    .   d - +0 robe
rPois    .         Spirit   .   (no helmet)
rElec    .         Reflect  .   (no cloak)
rCorr    .         Harm     .   (no gloves)
MR       .....                  (no boots)
Stlth    ++........             (no amulet)
HPRegen  0.08/turn              g - ring of stealth
MPRegen  0.12/turn              (no ring)

@: confused
A: no striking features
a: no special abilities


You were on level 2 of the Dungeon.
You were not hungry.

You visited 1 branch of the dungeon, and saw 2 of its levels.

You collected 60 gold pieces.

Inventory:

Hand Weapons
 a - a +1 dagger of electrocution
   (You found it on level 1 of the Dungeon)
 b - a +0 hunting sling (weapon)
 e - a +0 spear
Missiles
 k - 19 sling bullets (quivered)
 n - 3 javelins of returning
 Y - 70 stones
Armour
 d - a +0 robe (worn)
Jewellery
 g - a ring of stealth (left hand)
Scrolls
 j - a scroll of teleportation {!r}
 l - 2 scrolls of identify
Potions
 c - 2 potions of lignification {!q}
 i - a potion of haste {!q}
 m - a potion of resistance {unknown}
Comestibles
 f - 5 rations
 h - a chunk of flesh


   Skills:
 - Level 1.0 Fighting
 + Level 1.6 Short Blades
 - Level 1.0 Polearms
 - Level 1.2 Stealth
   Level 1.0 Shields
 + Level 3.1 Spellcasting
 * Level 6.2 Necromancy
   Level 1.1 Earth Magic
   Level 1.1 Evocations


You had 4 spell levels left.
You knew the following spells:

 Your Spells              Type           Power        Failure   Level  Hunger
a - Pain                  Necr           ###.         1%          1    None
b - Vampiric Draining     Necr           ###.......   4%          3    ###....
s - Animate Skeleton      Necr           N/A          1%          1    None

Your spell library contained the following spells:

 Spells                   Type           Power        Failure   Level  Hunger
 Animate Dead             Necr           N/A          13%         4    ####...
 Regeneration             Chrm/Necr      ##........   14%         3    ###....


Dungeon Overview and Level Annotations

Branches:
Dungeon (2/15)

Altars:

Annotations:
D:2 Sigmund


Message History

Aim: Sigmund, wielding a scythe of slicing and wearing a robe You shoot a sling bullet.
The sling bullet barely misses Sigmund.
Firing (i - inventory. (/) - cycle)
k - 20 sling bullets (quivered)
Press: ? - help, Shift-Dir - straight line, f/p - Sigmund
Aim: Sigmund, wielding a scythe of slicing and wearing a robe You shoot a sling bullet.
The sling bullet closely misses Sigmund.
Sigmund gestures wildly while chanting.
Sigmund flickers and vanishes!
Deactivating autopickup; reactivate with Ctrl-A.
Casting: Vampiric Draining (safe; 4% risk of failure)
Confirm with . or Enter, or press ? or * to list all spells.
Aiming: Pain (safe; 1% risk of failure)
Press: ? - help, Shift-Dir - straight line Nothing appears to happen.
Damage: 1 (max 1)
Casting: Pain (safe; 1% risk of failure)
Confirm with . or Enter, or press ? or * to list all spells.
Aiming: Pain (safe; 1% risk of failure)
Press: ? - help, Shift-Dir - straight line, f - you That beam is likely to hit you.
Continue anyway? [Y]es or [N]o only, please.
That beam is likely to hit you.
Continue anyway?
Okay, then.
A magic dart appears from out of thin air!
The magic dart hits you!
Damage: 3 (max 3)
A magic dart appears from out of thin air!
The magic dart hits you!
There is a stone staircase leading up, spattered with blood here.
Damage: 7 (max 7) Unknown command.
Casting: Pain (safe; 1% risk of failure)
Confirm with . or Enter, or press ? or * to list all spells.
Aiming: Pain (safe; 1% risk of failure)
Press: ? - help, Shift-Dir - straight line Nothing appears to happen.
Damage: 1 (max 1)
Casting: Pain (safe; 1% risk of failure)
Confirm with . or Enter, or press ? or * to list all spells.
Aiming: Pain (safe; 1% risk of failure)
Press: ? - help, Shift-Dir - straight line Nothing appears to happen.
Something hits you!
* * * LOW HITPOINT WARNING * * *
x2 Damage: 10 (max 10) Unknown command.
You are confused.
You bump into the rock wall.
Something hits you.
* * * LOW HITPOINT WARNING * * *
You die...

#.#..≈..≈.#.# #.#
#.#.≈≈≈≈≈≈#.#######.#
#.#≈≈≈.≈≈≈#.........# ##
#.####)####.#######.# .# #.#
#>####.## #.#
.###.#######....## #.#
.............<...# #.#
.##.###.#.....{..#####.######
.##.###.........@...........#
##...##........###.###.####.#
#...#.........## #.# #.# #.#
##.#.##.#....## #.# #.# #.#
#################.###.# #.#
#......>..# #.# #......####
#.# #####..# #.# #..# #.#


There were no monsters in sight!

Vanquished Creatures
  A scorpion (D:2)
  An adder (D:2)
  An ooze (D:2)
  3 worms (D:2)
  3 dart slugs (D:2)
  A leopard gecko (D:1)
  A giant cockroach (D:1)
  5 hobgoblins
  A jackal (D:1)
  4 kobolds
  A quokka (D:2)
  A ball python (D:1)
  5 bats
  A frilled lizard (D:1)
  9 goblins
  4 rats
42 creatures vanquished.

Notes
Turn   | Place    | Note
-------+----------+-------------------------------------------
     0 | D:1      | Gorice the Deep Elf Wanderer began the quest for the Orb.
     0 | D:1      | Gorice set off with: a +0 spear, a potion of lignification {!q}, a +0 robe, a ration
     0 | D:1      | Reached XP level 1. HP: 12/12 MP: 3/3
    65 | D:1      | HP: 3/12 [ball python (1)]
    67 | D:1      | Reached skill level 1 in Spellcasting
   103 | D:1      | Learned a level 1 spell: Animate Skeleton
   105 | D:1      | Learned a level 1 spell: Pain
   390 | D:1      | Reached skill level 5 in Necromancy
   461 | D:1      | Reached XP level 2. HP: 11/16 MP: 3/6
  1170 | D:2      | Reached skill level 2 in Spellcasting
  1405 | D:2      | Reached XP level 3. HP: 20/20 MP: 8/8
  1420 | D:2      | Learned a level 3 spell: Vampiric Draining
  1661 | D:2      | Noticed a scorpion
  1669 | D:2      | Killed a scorpion
  1669 | D:2      | Reached skill level 1 in Short Blades
  1669 | D:2      | Reached skill level 6 in Necromancy
  1669 | D:2      | Reached XP level 4. HP: 10/25 MP: 1/10
  1964 | D:2      | Reached skill level 3 in Spellcasting
  2342 | D:2      | Noticed Sigmund
  2363 | D:2      | HP: 5/25 [something (8)]
  2369 | D:2      | HP: 1/25 [something (4)]
  2369 | D:2      | Slain by Sigmund

Vault maps used:
D:1:      dpeg_arrival_brainrot, hangedman_decor_points
D:2:      first_ration, minmay_goblin_outpost, uniq_sigmund,
          uniq_crazy_yiuf_cottage

Skill      XL: |  1  2  3  4 |
---------------+-------------+-----
Spellcasting   | 1 2 3 |  3.1
Necromancy     | 5 6 |  6.2
Short Blades   | 1 |  1.6
Fighting       | |  1.0
Polearms       | |  1.0
Stealth        | |  1.2
Shields        | |  1.0
Earth Magic    | |  1.1
Evocations     | |  1.1

Action                   |  1- 3 |  4- 6 || total
-------------------------+-------+-------++-------
Melee: Spear             |    31 |       ||    31
       Dagger            |    27 |    34 ||    61
 Fire: Hunting sling     |       |     9 ||     9
 Cast: Pain              |    15 |     7 ||    22
       Animate Skeleton  |     2 |       ||     2
       Vampiric Draining |     2 |     3 ||     5
  Use: Scroll            |     4 |       ||     4
 Stab: Sleeping          |     8 |     2 ||    10
  Eat: Chunk             |     3 |     2 ||     5
Armor: Robe              |    13 |     2 ||    15
Dodge: Dodged            |    38 |    18 ||    56

Table legend:
 A = Spawn XP
 B = Non-spawn XP
 C = Spawn XP percentage of total XP
 D = Spawn monster count
 E = Non-spawn monster count
 F = Spawn count percentage of total count
 G = Total turns spent on level
                    A         B        C        D         E        F      G
               +---------+---------+-------+---------+---------+-------+---------
         Total |       0 |     169 |   0.0 |       0 |      42 |   0.0 |  2369
               +---------+---------+-------+---------+---------+-------+---------
           D:1 |       0 |      22 |   0.0 |       0 |      14 |   0.0 |  1134
           D:2 |       0 |     147 |   0.0 |       0 |      28 |   0.0 |  1235
               +---------+---------+-------+---------+---------+-------+---------

Table legend:
 A = Turns spent in this place as a percentage of turns spent in the entire game.
 B = Non-inter-level travel turns spent in this place as a percentage of non-inter-level travel turns spent in the entire game.
 C = Inter-level travel turns spent in this place as a percentage of turns spent in this place.
 D = Turns resting spent in this place as a percentage of non-inter-level travel turns spent in this place.
 E = Turns spent auto-exploring this place as a percentage of non-inter-level travel turns spent in this place.
 F = Non-inter-level travel turns spent in this place divided by the number of levels of this place that you've seen.
                   A       B       C       D       E      F
               +-------+-------+-------+-------+-------+----------------------
         Total | 100.0 | 100.0 |   3.4 |  34.5 |  43.0 | 1144.0
       Dungeon | 100.0 | 100.0 |   3.4 |  34.5 |  43.0 | 1144.0
               +-------+-------+-------+-------+-------+----------------------

Vault maps used:
D:1:      dpeg_arrival_brainrot, hangedman_decor_points
D:2:      first_ration, minmay_goblin_outpost, uniq_sigmund,
          uniq_crazy_yiuf_cottage
